 Dungeon Crawl Stone Soup version 0.29-a0-1043-g569b05d6ff (webtiles) character file.

Game seed: 16702278349991852915

15 ytrimaz the Insei (level 2, 21/21 HPs)
             Began as a Demonspawn Transmuter on Aug 15, 2022.
             Quit the game on level 1 of the Dungeon.
             The game lasted 00:00:43 (834 turns).

ytrimaz the Insei (Demonspawn Transmuter)            Turns: 834, Time: 00:00:43

Health: 21/21      AC:  2    Str: 10    XL:     2   Next: 34%
Magic:  5/5        EV: 12    Int: 14    God:
Gold:   70         SH:  0    Dex: 13    Spells: 4/5 levels left

rFire   . . .      SeeInvis .     - Unarmed
rCold   . . .      Faith    .   (no shield)
rNeg    . . .      Spirit   .   a - +0 robe
rPois   .          Reflect  .   (helmet restricted)
rElec   .          Harm     .   (no cloak)
rCorr   .          Rampage  .   (no gloves)
Will    .....                   (no boots)
Stlth   +.........              (no amulet)
HPRegen 0.07/turn               (no ring)
MPRegen 0.09/turn               (no ring)

@: no status effects
A: antennae 1
a: no special abilities


You were on level 1 of the Dungeon.
You visited 1 branch of the dungeon, and saw 1 of its levels.

You collected 70 gold pieces.

Inventory:

Armour
 a - a +0 robe (worn)
Jewellery
 c - a ring of flight
Scrolls
 b - a scroll of identify {unknown}


   Skills:
 - Level 1.0 Fighting
 - Level 1.7 Dodging
 + Level 3.0 Unarmed Combat
 * Level 2.3 Spellcasting
 * Level 2.0 Transmutations


You had 4 spell levels left.
You knew the following spells:

 Your Spells              Type           Power      Damage    Failure   Level
a - Beastly Appendage     Tmut           14%        N/A       10%         1

Your spell library contained the following spells:

 Spells                   Type           Power      Damage    Failure   Level
 Wereblood                Tmut           7%         N/A       16%         2
 Spider Form              Tmut/Pois      4%         N/A       41%         3
 Ice Form                 Ice/Tmut       4%         N/A       83%         4


Dungeon Overview and Level Annotations

Branches:
Dungeon (1/15)

Altars:


Innate Abilities, Weirdness & Mutations

You have a pair of small antennae on your head.


Message History

A goblin is nearby!
A goblin is nearby!
A goblin is nearby!
The goblin shouts!
Your feet morph into talons.
You hit the goblin but do no damage. Your kick misses the goblin.
You hit the goblin.
You kill the goblin!
No target in view!
Your transformation is almost over.
Things that are here:
a +0 dagger; a goblin corpse
b - a scroll labelled AKLUPS GETO Your talons disappear.
You now have 70 gold pieces (gained 12).
Found a faded altar of an unknown god.
A giant cockroach comes into view.
A giant cockroach is nearby!
A giant cockroach is nearby!
Found a peridot ring.
You hit the giant cockroach.
The giant cockroach is heavily wounded.
The giant cockroach completely misses you.
The giant cockroach misses you.
Your feet morph into talons.
The giant cockroach closely misses you.
You hit the giant cockroach. Your kick misses the giant cockroach.
The giant cockroach is almost dead.
The giant cockroach bites you but does no damage.
You hit the giant cockroach.
You kill the giant cockroach!
No target in view!
Your transformation is almost over.
There is a faded altar of an unknown god here.
c - a ring of flight
Found 5 stones.
Your talons disappear.
You see here 5 stones.
An endoplasm comes into view.
You aren't carrying any potions.
Are you sure you want to abandon this character and quit the game? (Confirm with "yes".)

#.# #.#
#.## #.(#
##.# #.#
#.# #.#
#@#
#........#
#........#
#.......J#
##########


You could see an endoplasm (asleep).

Vanquished Creatures
  2 endoplasms (D:1)
  2 giant cockroaches (D:1)
  A goblin (D:1)
  A hobgoblin (D:1)
  A quokka (D:1)
  4 bats (D:1)
  2 kobolds (D:1)
  2 rats (D:1)
15 creatures vanquished.

Notes
Turn   | Place    | Note
-------+----------+-------------------------------------------
     0 | D:1      | ytrimaz the Demonspawn Transmuter began the quest for the
                  | Orb.
     0 | D:1      | Reached XP level 1. HP: 15/15 MP: 3/3
    75 | D:1      | HP: 1/22 [hobgoblin (3)]
   542 | D:1      | Lost mutation: You have a pair of horns on your head.
                  | [demonic ancestry]
   542 | D:1      | Lost mutation: You have a pair of small horns on your head.
                  | [demonic ancestry]
   542 | D:1      | Gained mutation: You have a pair of small antennae on your
                  | head. [demonic ancestry]
   542 | D:1      | Reached XP level 2. HP: 18/21 MP: 3/5
   623 | D:1      | Reached skill level 3 in Unarmed Combat
   793 | D:1      | Found a faded altar of an unknown god.
   834 | D:1      | Quit the game

Illustrated notes

Levels and vault maps discovered:
D:1:      wander_arrival_estate, layout_rooms, basic_ecumenical_altar

Skill      XL: |  1  2 |
---------------+-------+-----
Unarmed Combat | 3 |  3.0
Transmutations | 2 |  2.0
Fighting       | |  1.0
Dodging        | |  1.7
Spellcasting   | |  2.3

Action                   || total
-------------------------++-------
Melee: Unarmed           ||    46
       Kick              ||     2
       Headbutt          ||     1
       Punch             ||     1
 Cast: Beastly Appendage ||     5
  Use: Potion            ||     1
Armor: Skin              ||     7
       Robe              ||    10
Dodge: Dodged            ||    32

Table legend: (Time is in decaauts)
 A = Elapsed time spent in this place.
 B = Non-inter-level travel time spent in this place.
 C = Inter-level travel time spent in this place.
 D = Time resting spent in this place.
 E = Time spent auto-exploring this place.
 F = Levels seen in this place.
 G = Mean time per level.
                   A        B        C        D        E       F      G
               +--------+--------+--------+--------+--------+-----+--------+
         Total |    831 |    831 |      0 |      0 |    710 |   1 |  831.0 |
       Dungeon |    831 |    831 |      0 |      0 |    710 |   1 |  831.0 |
               +--------+--------+--------+--------+--------+-----+--------+

Top non-repeatable levels by time:
     D:1: 831 daAuts
